 Dungeon Crawl Stone Soup version 0.29-a0-1052-g6990b1bffc (webtiles) character file.

Game seed: 6236251785963411377

6945 Newt the Prestidigitator (level 11, -4/64 HPs)
             Began as a Kobold Hunter on Aug 17, 2022.
             Was a Priest of Uskayaw.
             Slain by a bullfrog (6 damage)
             ... on level 9 of the Dungeon.
             The game lasted 00:29:03 (12661 turns).

Newt the Prestidigitator (Kobold Hunter)           Turns: 12661, Time: 00:29:04

Health: -4/64      AC:  8    Str: 12    XL:     11   Next: 28%
Magic:  0/16       EV: 19    Int: 11    God:    Uskayaw [***...]
Gold:   345        SH:  0    Dex: 19    Spells: 10/10 levels left

rFire   + . .      SeeInvis +   a - +1 shortbow
rCold   + + .      Faith    .   (shield currently unavailable)
rNeg    . . .      Spirit   +   e - +2 robe {rC+ rF+}
rPois   .          Reflect  .   n - +0 helmet
rElec   .          Harm     .   z - +0 cloak
rCorr   .          Rampage  .   B - +0 pair of gloves
Will    .....                   h - +0 pair of boots
Stlth   ++++......              A - amulet of guardian spirit
HPRegen 0.20/turn               j - ring of see invisible
MPRegen 0.15/turn               E - ring of protection from cold

@: no status effects
A: small, no large weapons, nightstalker 3
a: Renounce Religion, Stomp, Line Pass


You were on level 9 of the Dungeon.
You worshipped Uskayaw.
Uskayaw was noncommittal.
You visited 2 branches of the dungeon, and saw 11 of its levels.
You also visited: Bailey.

You collected 462 gold pieces.
You spent 117 gold pieces at shops.

Inventory:

Hand Weapons
 a - a +1 shortbow (weapon)
 o - the +10 scimitar of Muopt {flame, rCorr Dex+8}
   (You found it in a bailey)

   It burns those it strikes, dealing additional fire damage.
   Big, fiery blades are also staple armaments of hydra-hunters.
   Dex:       It affects your dexterity (+8).
   rCorr:     It protects you from acid and corrosion.
 r - a +2 dagger of draining
 v - a +3 falchion
Missiles
 g - 30 poisoned darts
 m - 2 throwing nets
Armour
 c - a +0 leather armour
 e - a +2 robe of resistance (worn)
 h - a +0 pair of boots (worn)
 n - a +0 helmet (worn)
 p - a +0 kite shield
 y - a scarf of harm
 z - a +0 cloak (worn)
 B - a +0 pair of gloves (worn)
 L - +0 steam dragon scales
Jewellery
 j - a ring of see invisible (left hand)
 k - a ring of wizardry
 A - an amulet of guardian spirit (around neck)
 E - a ring of protection from cold (right hand)
 G - a ring of resist corrosion
Wands
 f - a wand of flame (2)
 C - a wand of light (8)
 O - a wand of roots (7)
Scrolls
 b - 3 scrolls of immolation
 d - 5 scrolls of amnesia
 l - 2 scrolls of identify
 q - a scroll of blinking
 s - a scroll of enchant weapon
 x - 2 scrolls of fear
 K - 2 scrolls of vulnerability {unknown}
 M - a scroll of teleportation
 N - a scroll of brand weapon {unknown}
Potions
 i - 2 potions of haste
 t - 4 potions of might
 u - 4 potions of flight
 w - 3 potions of curing
 D - a potion of magic {unknown}
 F - a potion of brilliance
Miscellaneous
 H - a tin of tremorstones (inert)
 I - a lightning rod (3/4)
 J - a phantom mirror (inert)


   Skills:
 - Level 6.0 Fighting
 - Level 12.0 Ranged Weapons
 - Level 7.0 Dodging
 - Level 5.0 Stealth
 + Level 6.7 Invocations
 - Level 12.0 Evocations


You had 10 spell levels left.
You didn't know any spells.
Your spell library contained the following spells:

 Spells                   Type           Power      Damage    Failure   Level
 Passage of Golubria      Tloc           0%         N/A       98%         4
 Silence                  Hex/Air        0%         N/A       100%        5
 Lehudib's Crystal Spear  Conj/Erth      0%         10d2      100%        8


Dungeon Overview and Level Annotations

Branches:
Dungeon (10/15)            Temple (1/1) D:6          Bailey (visited)
   Lair: D:8-11         Orc: D:9-12

Altars:
Ashenzari
Dithmenos
Fedhas
Gozag
Kikubaaqudgha
Makhleb
Nemelex Xobeh
Okawaru
Qazlal
Uskayaw
Vehumet
Xom
Yredelemnul

Shops:
D:4 [

Annotations:
D:9 Harold


Innate Abilities, Weirdness & Mutations

You are small and have problems with some larger weapons.
You are completely attuned to the shadows.


Message History

You see here a howler monkey corpse.
The troll attacks as you move away! The troll barely misses you.
The troll completely misses you. The troll misses you.
The bullfrog closely misses you.
Things that are here:
a +0 giant club; a +0 giant spiked club; a black bear corpse The water moccasin closely misses you.
There is a stone staircase leading up, spattered with blood here.
A nearby fungus withers and dies.
The bullfrog closely misses you. The troll bites you!
The troll barely misses you. The troll closely misses you.
The water moccasin closely misses you.
The bullfrog hits you but does no damage.
You climb upwards.
Level annotation: Harold
There is a stone staircase leading down here.
Aiming: Line Pass
Press: ? - help, Dir - move target The troll appears confused.
You can no longer merge with and destroy a victim.
The water moccasin barely misses you. The bullfrog misses you.
The troll bites you! The troll closely misses you. x2
The water moccasin bites you.
The bullfrog hits you but does no damage.
The troll seems less confused.
The bullfrog swells and bulges.
The water moccasin completely misses you.
The tremorstone explodes into fragments!
The burst of rock shards engulfs the water moccasin! x2
You kill the water moccasin!
The burst of rock shards engulfs the bullfrog!
The burst of rock shards engulfs the troll!!
The burst of rock shards engulfs you!!
* * * LOW HITPOINT WARNING * * *
The tin is emptied!
You hear a shout!
The bullfrog completely misses you. The troll bites you but does no damage.
The troll claws you.
* * * LOW HITPOINT WARNING * * *
The troll misses you. The bullfrog hits you.
You die...

... ..........# ...
#........## ...
#..........# ...
#..........#...... ...
#..........#...... ...
#..........#...... ...
#..........#...... ...
#..........'..####### ...
#..>@......'..'.....# ...
######...FT.....##.#.....#
...
##................#.#.....#
...
.........######...#.#.....#
... ......#### #.#.....#
... ......# #.#.....# <..
#.....# #.#.....# ...
##+#..# #.'.....# ... #..#
#)##+##+#


You could see a troll and a bullfrog.

Vanquished Creatures
  A two-headed ogre (D:10)
  An orc knight (Bailey)
  A hornet (D:8)
  Sigmund (D:5)
  A wyvern (D:9)
  2 steam dragons (D:9)
  5 water moccasins
  4 orc warriors
  2 ice beasts (D:6)
  6 black bears
  A hornet zombie (D:7)
  An ogre (D:6)
  7 kobold brigands (Bailey)
  5 bullfrogs
  2 scorpions
  18 wights
  4 killer bees (D:9)
  3 howler monkeys
  4 hounds
  5 orc priests
  3 iguanas
  6 orc wizards
  A killer bee zombie (D:7)
  A gnoll (D:1)
  4 adders
  5 shadow imps
  3 white imps (D:7)
  An ufetubus (D:4)
  A worm (D:4)
  38 orcs
  5 ball pythons
  3 bats (D:2)
  5 endoplasms
  A giant cockroach (D:1)
  9 goblins
  7 hobgoblins
  15 kobolds
  6 quokkas
  3 frilled lizards
  5 rats
196 creatures vanquished.

Vanquished Creatures (collateral kills)
  A two-headed ogre (D:7)
1 creature vanquished.

Vanquished Creatures (others)
  A human (D:9)
  An orc wizard (D:7)
  An orc (D:8)
  15 fungi (D:10)
  13 plants (D:10)
  A withered plant (D:7)
32 creatures vanquished.

Grand Total: 229 creatures vanquished

Notes
Turn   | Place    | Note
-------+----------+-------------------------------------------
     0 | D:1      | Newt the Kobold Hunter began the quest for the Orb.
     0 | D:1      | Reached XP level 1. HP: 12/12 MP: 1/1
   148 | D:1      | Reached XP level 2. HP: 15/17 MP: 2/2
   592 | D:1      | Reached XP level 3. HP: 21/21 MP: 3/3
  1185 | D:2      | Noticed a shining eye
  1186 | D:2      | Found a faded altar of an unknown god.
  1186 | D:2      | Noticed a great orb of eyes
  1189 | D:2      | Noticed a shining eye
  1189 | D:2      | Noticed a great orb of eyes
  1250 | D:2      | Reached XP level 4. HP: 26/26 MP: 4/4
  1665 | D:3      | Reached XP level 5. HP: 25/29 MP: 5/5
  3315 | D:4      | Reached XP level 6. HP: 7/38 MP: 6/6
  3999 | D:4      | Found a shimmering altar of Xom.
  4052 | D:4      | Found Sigoatej's Armour Shop.
  4056 | D:4      | Bought a scarf of harm for 117 gold pieces
  4077 | D:4      | Found an iron altar of Okawaru.
  4496 | D:5      | Entered Level 5 of the Dungeon
  4661 | D:5      | Reached XP level 7. HP: 34/43 MP: 5/7
  4798 | D:5      | Noticed Sigmund
  4816 | D:5      | Killed Sigmund
  5163 | D:5      | Found a sparkling altar of Nemelex Xobeh.
  5757 | D:6      | Noticed a water moccasin
  5766 | D:5      | Killed a water moccasin
  5767 | D:5      | Reached XP level 8. HP: 18/48 MP: 4/8
  5969 | D:5      | Reached skill level 5 in Stealth
  6291 | D:6      | Reached skill level 10 in Ranged Weapons
  6403 | D:6      | Found a staircase to the Ecumenical Temple.
  6429 | Temple   | Entered the Ecumenical Temple
  6730 | Temple   | Became a worshipper of Uskayaw the Reveller
  6826 | D:6      | Reached * piety under Uskayaw
  6851 | D:6      | Found an opulent altar of Gozag.
  6894 | D:6      | Reached ** piety under Uskayaw
  6994 | D:6      | Reached *** piety under Uskayaw
  6999 | D:6      | Reached skill level 5 in Dodging
  7383 | D:6      | Reached XP level 9. HP: 36/52 MP: 6/9
  7813 | D:7      | Noticed an unseen horror
  7997 | D:7      | Found a flagged portal.
  8003 | Bailey   | Entered a bailey
  8106 | Bailey   | Reached skill level 5 in Evocations
  8620 | Bailey   | Noticed an orc knight
  8635 | Bailey   | Killed an orc knight
  8657 | Bailey   | Reached **** piety under Uskayaw
  8666 | Bailey   | Reached ***** piety under Uskayaw
  8917 | Bailey   | Reached skill level 5 in Invocations
  8932 | Bailey   | Identified the +10 scimitar of Muopt {flame, rCorr Dex+8}
  8945 | Bailey   | Found a burning altar of Makhleb.
  8981 | D:7      | Identified the +2 hand axe "Isieroj" {protect, Str+5 SInv}
  9002 | D:6      | Reached XP level 10. HP: 41/56 MP: 10/14
  9287 | D:7      | Reached skill level 5 in Fighting
  9782 | D:7      | Noticed a two-headed ogre
  9794 | D:7      | Killed a two-headed ogre
 11008 | D:8      | Paralysed by a hornet for 2 turns
 11017 | D:8      | Reached skill level 10 in Evocations
 11094 | D:8      | HP: 3/60 [orc warrior/+0 trident (4)]
 11715 | D:9      | Noticed Harold
 11914 | D:9      | Found a shadowy altar of Dithmenos.
 12038 | D:9      | Reached XP level 11. HP: 48/63 MP: 8/15
 12465 | D:9      | Found an ancient bone altar of Kikubaaqudgha.
 12516 | D:9      | Found a stormy altar of Qazlal.
 12625 | D:10     | Entered Level 10 of the Dungeon
 12639 | D:10     | Noticed a two-headed ogre
 12652 | D:10     | Killed a two-headed ogre
 12653 | D:10     | Noticed a centaur warrior
 12661 | D:9      | HP: 3/64 [shot self (20)]
 12661 | D:9      | Slain by a bullfrog

Illustrated notes

Levels and vault maps discovered:
D:1:      mrwooster_arrival_arrow, layout_loops_ring, corexii_hall_statues_x,
          minmay_misc_feat_diagonals
D:2:      layout_basic, hellmonk_ecumenical_altar_watching_god,
          minmay_pentomino_t2
D:3:      layout_basic, st_stairs_8
D:4:      layout_rooms, okawaru_gym_becter, lemuel_doored_altar, serial_shops,
          nicolae_shop_behind_doors, minivault_1
D:5:      layout_loops_ring, nemelex_spade_bored_becter, uniq_sigmund
D:6:      layout_cave_pods, nicolae_gozag_seed_capital,
          minmay_temple_entry_nine_rooms
D:7:      layout_gridville, nicolae_overflow_hidden_temple, enter_bailey_2,
          serial_undead, serial_undead_a, serial_undead_e, serial_undead_c,
          serial_undead_d, sigmund_army
D:8:      layout_cave_pools
D:9:      layout_irregular_city, beargit_hepliaklqana_dungeon_heroes,
          mainiacjoe_overflow_paths, tgw_kikubaaqudgha,
          nicolae_qazlal_general_emergency, nrook_pool_corridor, uniq_harold
D:10:     layout_roguey, good_gods_mini_temple, lemuel_coloured_pillars_altar,
          due_lair_maze_entry_diamond, serial_shops, nicolae_square_shop,
          water_maze_lemuel, uniq_grum, uniq_urug, uniq_psyche
Temple:   nicolae_temple_bog_church

Skill      XL: |  1  2  3  4  5  6  7  8  9 10 11 |
---------------+----------------------------------+-----
Stealth        | 2 3 4 5 |  5.0
Ranged Weapons | 6 7 8 9 11 12 | 12.0
Dodging        | 3 4 5 7 |  7.0
Fighting       | 3 4 6 |  6.0
Evocations     | 4 7 11 12 | 12.0
Invocations    | 5 6 |  6.7

Action                   |  1- 3 |  4- 6 |  7- 9 | 10-12 || total
-------------------------+-------+-------+-------+-------++-------
 Fire: Shortbow          |    82 |   198 |   258 |   314 ||   852
Invok: Line Pass         |       |       |       |     4 ||     4
       Stomp             |       |       |       |     3 ||     3
Evoke: Wand              |       |       |     3 |     1 ||     4
       Lightning rod     |       |       |       |     2 ||     2
       Tin of tremorston |       |       |       |     2 ||     2
       Phantom mirror    |       |       |       |     1 ||     1
  Use: Scroll            |     1 |     5 |     9 |     2 ||    17
       Potion            |       |     2 |     5 |     1 ||     8
Armor: Leather armour    |     8 |    47 |     1 |       ||    56
       Robe              |       |       |    54 |    54 ||   108
Dodge: Dodged            |    23 |   156 |   159 |   234 ||   572

Table legend: (Time is in decaauts)
 A = Elapsed time spent in this place.
 B = Non-inter-level travel time spent in this place.
 C = Inter-level travel time spent in this place.
 D = Time resting spent in this place.
 E = Time spent auto-exploring this place.
 F = Levels seen in this place.
 G = Mean time per level.
                   A        B        C        D        E       F      G
               +--------+--------+--------+--------+--------+-----+--------+
         Total |  12723 |  12456 |    267 |   4806 |   5215 |  12 | 1060.2 |
       Dungeon |  11417 |  11178 |    239 |   4201 |   4875 |  10 | 1141.7 |
        Temple |    339 |    312 |     27 |      0 |    305 |   1 |  339.0 |
        Bailey |    966 |    966 |      0 |    604 |     34 |   1 |  966.0 |
               +--------+--------+--------+--------+--------+-----+--------+

Top non-repeatable levels by time:
     D:3: 2387 daAuts
     D:6: 1770 daAuts
     D:5: 1610 daAuts
     D:7: 1378 daAuts
     D:8: 1132 daAuts
  Bailey: 966 daAuts
     D:9: 933 daAuts
     D:1: 856 daAuts
     D:2: 685 daAuts
     D:4: 633 daAuts
  Temple: 339 daAuts
    D:10: 30 daAuts
